 Dungeon Crawl Stone Soup version 0.20.1-1-g8b1a95d (webtiles) character file.

138 Liatris the Chopper (level 5, -4/39 HPs)
             Began as a Demonspawn Gladiator on Aug 16, 2017.
             Slain by Sigmund
             ... wielding a +0 scythe
              (8 damage)
             ... on level 3 of the Dungeon.
             The game lasted 00:07:52 (1589 turns).

Liatris the Chopper (Demonspawn Gladiator)          Turns: 1589, Time: 00:07:53

Health: -4/39      AC:  7    Str: 14    XL:     5   Next: 1%
Magic:  5/5        EV: 13    Int:  9    God:
Gold:   94         SH:  0    Dex: 16    Spells: 4/4 levels left

rFire    x . .     SeeInvis .   a - +1 war axe
rCold    + . .     Gourm    .   (no shield)
rNeg     . . .     Faith    .   b - +0 leather armour
rPois    .         Spirit   .   c - +0 helmet
rElec    .         Reflect  .   k - +0 cloak
rCorr    .         Harm     .   (no gloves)
MR       .....                  (no boots)
Stlth    +.........             (no amulet)
Regen    0.2/turn               e - ring of flight
MPRegen  0.1/turn               h - ring of ice

@: no status effects
A: iridescent scales 1, powered by death 1
a: Evoke Flight


You were on level 3 of the Dungeon.
You were not hungry.

You visited 1 branch of the dungeon, and saw 3 of its levels.

You collected 94 gold pieces.

Inventory:

Hand Weapons
 a - a +1 war axe (weapon)
 l - a +3 mace
Missiles
 d - 3 throwing nets (quivered)
Armour
 b - a +0 leather armour (worn)
 c - a +0 helmet (worn)
 k - a +0 cloak (worn)
Jewellery
 e - a ring of flight (left hand)
 h - a ring of ice (right hand)
Scrolls
 i - a scroll of fear
 j - a scroll of identify
 o - 2 scrolls of magic mapping
Comestibles
 f - 2 bread rations
 g - 4 meat rations


   Skills:
 + Level 2.6 Fighting
 + Level 4.3 Axes
 + Level 1.8 Throwing
 + Level 1.1 Armour
 + Level 3.0 Dodging
 + Level 0.4 Stealth


You had 4 spell levels left.
You didn't know any spells.

Dungeon Overview and Level Annotations

Branches:
Dungeon (3/15)

Altars:
Cheibriados
Dithmenos
Trog

Annotations:
D:3 Sigmund


Innate Abilities, Weirdness & Mutations

You are partially covered in iridescent scales. (AC +2)
You regenerate a little health from kills.


Message History

Sigmund is lightly wounded.
You hit the dart slug.
Sigmund casts a spell.
Sigmund flickers and vanishes!
Deactivating autopickup; reactivate with Ctrl-A.
The dart slug launches a dart at you. The slug dart misses you.
Something barely misses you.
You slash something! You hit the dart slug.
You kill the dart slug!
You have reached level 5!
You hit something but do no damage. Something hits you.
You closely miss something. Something hits you!
You hit something but do no damage. Something hits you!
* * * LOW HITPOINT WARNING * * *
You aren't carrying any potions.
You miss something. Something hits you but does no damage.
You hit something. Something hits you.
* * * LOW HITPOINT WARNING * * *
You hit something. Something hits you!
You die...

..# #.#
..# #.#
..# #.#
###
######.#
#......#
#.######
#....#
#.##.#
#@# #
#{§§#
#§#§#§#
.§§§_.§§.
..# #§#
### ###


There were no monsters in sight!

Vanquished Creatures
  4 gnolls (D:2)
  3 adders (D:2)
  An ooze (D:1)
  A worm (D:2)
  3 dart slugs
  3 giant cockroaches (D:1)
  5 goblins
  5 hobgoblins
  8 jackals (D:1)
  9 kobolds
  2 quokkas (D:2)
  A ball python (D:1)
  3 bats
  A frilled lizard (D:2)
  10 rats
59 creatures vanquished.

Notes
Turn   | Place    | Note
-------+----------+-------------------------------------------
     0 | D:1      | Liatris the Demonspawn Gladiator began the quest for the Orb.
     0 | D:1      | Reached XP level 1. HP: 16/16 MP: 1/1
   240 | D:1      | Reached skill level 3 in Axes
   243 | D:1      | Gained mutation: You are partially covered in iridescent scales. (AC +2) [demonic ancestry]
   243 | D:1      | Reached XP level 2. HP: 20/22 MP: 2/2
   351 | D:1      | Gained mutation: You regenerate a little health from kills. [demonic ancestry]
   351 | D:1      | Reached XP level 3. HP: 27/27 MP: 3/3
   683 | D:2      | Found a bloodstained altar of Trog.
   912 | D:2      | Reached skill level 4 in Axes
   912 | D:2      | Reached XP level 4. HP: 34/34 MP: 4/4
  1275 | D:2      | Reached skill level 1 in Armour
  1349 | D:2      | Found a snail-covered altar of Cheibriados.
  1576 | D:3      | Found a shadowy altar of Dithmenos.
  1577 | D:3      | Noticed Sigmund
  1583 | D:3      | Reached XP level 5. HP: 22/39 MP: 5/5
  1589 | D:3      | Slain by Sigmund

Skill      XL: |  1  2  3  4 |
---------------+-------------+-----
Axes           | 3 4 |  4.3
Dodging        | 3 |  3.0
Armour         | 1 |  1.1
Fighting       | |  2.6
Throwing       | |  1.8
Stealth        | |  0.4

Action                   |  1- 3 |  4- 6 || total
-------------------------+-------+-------++-------
Melee: War axe           |    90 |    67 ||   157
  Use: Scroll            |     2 |     6 ||     8
       Potion            |     1 |     1 ||     2
 Stab: Sleeping          |       |     1 ||     1
  Eat: Fruit             |       |     2 ||     2
       Royal jelly       |       |     1 ||     1
Armor: Leather armour    |    41 |    18 ||    59
Dodge: Dodged            |    86 |    40 ||   126
